 Dungeon Crawl Stone Soup version 0.24-a0-29-g43a6aff (console) character file.

Game seed: 11119842017687459056

2023 Duffy the Cleaver (level 9, -5/75 HPs)
             Began as a Naga Fighter on Feb 2, 2019.
             Slain by an orc warrior
             ... wielding a +0 halberd
              (24 damage)
             ... in a bailey.
             The game lasted 00:08:26 (7723 turns).

Duffy the Cleaver (Naga Fighter)                    Turns: 7723, Time: 00:08:26

Health: -5/75      AC:  9    Str: 18    XL:     9   Next: 23%
Magic:  9/9        EV: 11    Int:  8    God:
Gold:   276        SH: 11    Dex: 20    Spells: 8/8 levels left

rFire    . . .     SeeInvis +   a - +0 war axe
rCold    . . .     Gourm    .   c - +0 shield
rNeg     + . .     Faith    .   b - +0 scale mail
rPois    +         Spirit   .   (no helmet)
rElec    .         Reflect  .   (no cloak)
rCorr    .         Harm     .   y - +0 pair of gloves
MR       +....                  (no barding)
Stlth    +.........             (no amulet)
HPRegen  0.22/turn              i - +2 ring of protection
MPRegen  0.11/turn              A - ring of positive energy

@: agile, very slow
A: large, see invisible, deformed body, poison resistance, slowness 2, slow
metabolism 1, spit poison 1, AC +3
a: Spit Poison


You were in a bailey.
You were not hungry.

You visited 1 branch of the dungeon, and saw 7 of its levels.
You also visited: Bailey.

You collected 276 gold pieces.

Inventory:

Hand Weapons
 a - a +0 war axe (weapon)
Armour
 b - a +0 scale mail (worn)
 c - a +0 shield (worn)
 y - a +0 pair of gloves (worn)
Jewellery
 i - a +2 ring of protection (left hand)
 p - an uncursed ring of fire
 A - a ring of positive energy (right hand)
Wands
 F - a wand of disintegration (20)
Scrolls
 e - a scroll of magic mapping {unknown}
 g - 2 scrolls of teleportation {unknown}
 h - 3 scrolls of enchant weapon {unknown}
 k - 2 scrolls of amnesia {unknown}
 q - a scroll of remove curse {unknown}
 u - a scroll of fog {unknown}
 v - 2 scrolls of enchant armour {unknown}
 w - a scroll of noise {unknown}
 x - a scroll of blinking {unknown}
 C - a scroll of fear {unknown}
 D - a scroll of silence {unknown}
Potions
 d - 2 potions of might
 j - a potion of haste
 m - 5 potions of curing
 o - a potion of mutation
 r - a potion of cancellation {unknown}
 t - a potion of brilliance {unknown}
 z - a potion of magic
Comestibles
 f - 8 rations
 l - 5 chunks of flesh


   Skills:
 - Level 3.0 Fighting
 + Level 8.6 Axes
 - Level 2.4 Armour
 + Level 7.4 Shields


You had 8 spell levels left.
You didn't know any spells.
Your spell library was empty.

Dungeon Overview and Level Annotations

Branches:
Dungeon (7/15)             Temple (0/1) D:4

Altars:
Cheibriados
Ru
Uskayaw
Zin

Shops:
D:4 [   D:7 :[[

Annotations:
D:3 2 runed translucent doors, Ratty's ghost, weakling DsFi


Innate Abilities, Weirdness & Mutations

You cannot wear boots.
Your serpentine skin is tough. (AC +3)
You have supernaturally acute eyesight. (SInv)
Armour fits poorly on your strangely shaped body.
Your system is resistant to poisons. (rPois)
You cover ground very slowly.
You have a slow metabolism.
You can spit poison.


Message History

You block the orc's attack.
You hit the orc warrior.
The orc warrior is moderately wounded.
You block the orc warrior's attack. The orc barely misses you.
Some of the chunks of flesh in your inventory have rotted away.
You feel much better.
You have got your breath back.
The orc grunts noisily.
You feel agile all of a sudden. You block the orc's attack.
The orc warrior hits you with a +0 halberd!
You closely miss the orc warrior.
The orc warrior is moderately wounded.
The orc completely misses you.
The orc warrior hits you with a +0 halberd!
You closely miss the orc warrior.
The orc warrior is moderately wounded.
The orc closely misses you.
The orc warrior hits you with a +0 halberd!!
You die...

##.~~..# #.~~.)##
#.~..## #.~.##
#.~.########## #+###
#.~...)......##
....#
#.~~~~~~~~~~..##.\.#
#..........~~..##
##########..~~.@#
##..~~.ooo.~~.
##..~~~~~~~..
##.........#
###########


You could see an orc warrior and 2 orcs.

Vanquished Creatures
  A hippogriff (D:5)
  A hungry ghost (D:7)
  Menkaure (D:4)
  An ice beast (D:6)
  An orc warrior (D:6)
  A phantom (D:4)
  An ogre (D:3)
  3 centaurs (D:6)
  2 bullfrogs
  2 howler monkeys (D:6)
  2 crimson imps (D:5)
  9 orc wizards
  6 orc priests
  A worker ant (D:5)
  An iguana (D:7)
  2 hound zombies
  2 gnolls (D:7)
  4 adders
  2 shadow imps
  2 worms
  2 dart slugs
  4 leopard geckos
  35 orcs
  3 giant cockroaches
  11 goblins
  5 hobgoblins
  6 jackals
  7 kobolds
  2 ball pythons
  2 bats
  3 frilled lizards
  A giant cockroach zombie (D:5)
  4 quokka skeletons
  7 rats
137 creatures vanquished.

Notes
Turn   | Place    | Note
-------+----------+-------------------------------------------
     0 | D:1      | Duffy the Naga Fighter began the quest for the Orb.
     0 | D:1      | Reached XP level 1. HP: 21/21 MP: 1/1
   274 | D:1      | Reached XP level 2. HP: 25/28 MP: 2/2
   790 | D:2      | Reached XP level 3. HP: 27/34 MP: 3/3
  1073 | D:2      | Reached skill level 3 in Axes
  1370 | D:2      | Reached XP level 4. HP: 39/42 MP: 4/4
  1555 | D:3      | Noticed an ogre
  1565 | D:3      | Killed an ogre
  1565 | D:3      | Reached XP level 5. HP: 24/49 MP: 5/5
  1730 | D:3      | Reached skill level 4 in Axes
  2253 | D:3      | Found a runed translucent door.
  2254 | D:3      | Noticed Ratty's ghost (weakling DsFi)
  2389 | D:3      | Found a runed translucent door.
  2995 | D:4      | Found Boercha's Armour Shoppe.
  3083 | D:4      | Found a sacrificial altar of Ru.
  3083 | D:4      | Found a hide-covered altar of Uskayaw.
  3084 | D:4      | Found a snail-covered altar of Cheibriados.
  3372 | D:4      | Noticed a phantom
  3400 | D:4      | Killed a phantom
  3400 | D:4      | Reached XP level 6. HP: 33/56 MP: 6/6
  3565 | D:4      | Noticed Menkaure
  3578 | D:4      | Killed Menkaure
  3578 | D:4      | Reached skill level 5 in Axes
  3578 | D:4      | Reached XP level 7. HP: 8/62 MP: 7/7
  4005 | D:4      | Found a staircase to the Ecumenical Temple.
  4307 | D:5      | Entered Level 5 of the Dungeon
  4456 | D:5      | Reached skill level 5 in Shields
  4502 | D:5      | Noticed a hippogriff
  4519 | D:5      | Killed a hippogriff
  4519 | D:5      | Reached skill level 6 in Axes
  5024 | D:5      | Reached XP level 8. HP: 56/69 MP: 8/8
  5814 | D:5      | Reached skill level 7 in Axes
  6055 | D:6      | Found a glowing silver altar of Zin.
  6654 | D:6      | Reached skill level 8 in Axes
  6665 | D:6      | HP: 2/69 [orc warrior/+0 battleaxe (13)]
  6667 | D:6      | Reached XP level 9. HP: 2/75 MP: 9/9
  7280 | D:7      | Found Zabo's Book Emporium.
  7363 | D:7      | Found Penneteu's Armour Shop.
  7431 | D:7      | Found Suotum's Armour Boutique.
  7464 | D:7      | Found a flagged portal.
  7491 | Bailey   | Entered a bailey
  7723 | Bailey   | Slain by an orc warrior

Vault maps used:
D:1:      shiori_arrival_oz
D:3:      ebering_ghost_sewer_f, kennysheep_cluttered_room,
          minmay_misc_feat_chi, kennysheep_generic_room_3
D:4:      chequers_temple_overflow_statue_of_worship,
          minmay_temple_entry_from_below_b, serial_shops, shop, first_ration,
          uniq_menkaure
D:5:      hangedman_abyss_or_decor_stagger
D:6:      kennysheep_little_box
D:7:      serial_shops, nicolae_shop_trees, shop_fountains, kennysheep_mini,
          shop, shop, enter_bailey_7
Bailey:   bailey_polearm_1, bailey

Skill      XL: |  1  2  3  4  5  6  7  8 |
---------------+-------------------------+-----
Shields        | 3 4 5 7 |  7.4
Axes           | 3 4 5 6 8 |  8.6
Fighting       | |  3.0
Armour         | |  2.4

Action                   |  1- 3 |  4- 6 |  7- 9 || total
-------------------------+-------+-------+-------++-------
Melee: War axe           |   103 |   184 |   349 ||   636
 Abil: Spit Poison       |     2 |     3 |    23 ||    28
  Use: Scroll            |       |       |     7 ||     7
       Potion            |       |       |     3 ||     3
  Eat: Chunk             |     1 |     6 |    12 ||    19
       Ration            |       |       |     1 ||     1
Armor: Scale mail        |    53 |    72 |   154 ||   279
Dodge: Dodged            |    16 |    39 |    93 ||   148
Block: Shield            |    51 |   104 |   210 ||   365

Table legend:
 A = Non-vault XP
 B = Vault XP
 C = Vault XP percentage of total XP
 D = Non-vault monster count
 E = Vault monster count
 F = Vault count percentage of total count
                 A         B        C        D         E       F
            +---------+---------+-------+---------+---------+-------
      Total |    2669 |     221 |   7.6 |     124 |      13 |   9.5
            +---------+---------+-------+---------+---------+-------
        D:1 |      21 |       1 |   4.5 |      11 |       1 |   8.3
        D:2 |      62 |       0 |   0.0 |      19 |       0 |   0.0
        D:3 |     168 |       2 |   1.2 |      22 |       2 |   8.3
        D:4 |     237 |     172 |  42.1 |      12 |       1 |   7.7
        D:5 |     860 |       0 |   0.0 |      31 |       0 |   0.0
        D:6 |    1013 |       0 |   0.0 |      26 |       0 |   0.0
        D:7 |     308 |      31 |   9.1 |       3 |       4 |  57.1
     Bailey |       0 |      15 | 100.0 |       0 |       5 | 100.0
            +---------+---------+-------+---------+---------+-------
